[ PARTIDA AOE2 · #480200014 ]
UnrankedTurcos vs Italians
[ ANÁLISIS DE REPETICIÓN · EXTRAÍDO DE LA PARTIDA GRABADA ]
Feudal
10:14
Castillos
25:19
Imperial
30:03
| APM promedio | 54.3 |
| APM pico | 100 |
| eAPM promedio | 30.1 |
| Aldeanos / militares | 59 / 20 |
Foco
⚔️ 25.6% · 🌾 74.4%
Janissary ×15 · Mangonel ×2 · Bombard Cannon ×2 · Petard ×1
Feudal
8:26
Castillos
22:06
Imperial
—
| APM promedio | 62.3 |
| APM pico | 112 |
| eAPM promedio | 29.9 |
| Aldeanos / militares | 95 / 81 |
Foco
⚔️ 46.2% · 🌾 53.8%
Archer ×44 · Genoese Crossbowman ×36 · Monk ×1
Feudal
7:39
Castillos
29:04
Imperial
—
| APM promedio | 35.0 |
| APM pico | 63 |
| eAPM promedio | 24.0 |
| Aldeanos / militares | 74 / 15 |
Foco
⚔️ 35.2% · 🌾 64.8%
Archer ×12 · Spearman ×3
Feudal
8:32
Castillos
23:55
Imperial
—
| APM promedio | 33.6 |
| APM pico | 96 |
| eAPM promedio | 19.4 |
| Aldeanos / militares | 72 / 26 |
Foco
⚔️ 36.1% · 🌾 63.9%
Teutonic Knight ×11 · Spearman ×7 · Mangonel ×3 · Monk ×2 · Battering Ram ×2 · Scorpion ×1
Feudal
10:37
Castillos
14:59
Imperial
—
| APM promedio | 59.5 |
| APM pico | 119 |
| eAPM promedio | 23.8 |
| Aldeanos / militares | 136 / 116 |
Foco
⚔️ 46.5% · 🌾 53.5%
Shrivamsha Rider ×57 · Camel Scout ×55 · Scout Cavalry ×3 · Monk ×1
Feudal
8:51
Castillos
22:08
Imperial
—
| APM promedio | 47.5 |
| APM pico | 81 |
| eAPM promedio | 26.3 |
| Aldeanos / militares | 123 / 99 |
Foco
⚔️ 41.8% · 🌾 58.2%
Camel Scout ×45 · Battering Ram ×30 · Knight ×24
Mapa de la partida
Recursos iniciales + cada clic de construcción. Líneas = muros · curvas = relieve. ◆ oro · ⬟ piedra · ● bayas · ✦ reliquia · ◌ hueco del cierre
Tu base· ✓ Cerrada en 25:19 · 14t muro · 4 puerta(s)
Base de [Ne0] Fidel Castro· ✓ Cerrada en 22:06 · 0t muro · 3 puerta(s)
Base de Stratioti· ✓ Cerrada en 29:04 · 25t muro · 2 puerta(s)
Base de [Ne0] Carlos Menem· ✓ Cerrada en 23:55 · 6t muro · 2 puerta(s)
Base de Nicholai· ✓ Cerrada en 14:59 · 0t muro · 2 puerta(s)
Base de [Ne0] Nicolas del Caño· ✓ Cerrada en 22:08 · 0t muro · 2 puerta(s)
Terreno inicial suavizado · ◌ = hueco del cierre detectado · pasá el cursor para detalles
Inputs por minuto
— Juunku - - [Ne0] Fidel Castro
Build order — Juunku
Primeras 150 de 170 acciones detectadas
| 0:01 | Crear | Villager (Male) |
| 0:01 | Crear | Villager (Male) |
| 0:02 | Crear | Villager (Male) |
| 0:02 | Construir | House |
| 0:03 | Construir | House |
| 0:19 | Crear | Villager (Male) |
| 1:28 | Crear | Villager (Male) |
| 1:28 | Crear | Villager (Male) |
| 2:04 | Crear | Villager (Male) |
| 2:04 | Crear | Villager (Male) |
| 2:04 | Crear | Villager (Male) |
| 2:10 | Construir | Lumber Camp |
| 2:25 | Crear | Villager (Male) |
| 2:25 | Crear | Villager (Male) |
| 3:19 | Crear | Villager (Male) |
| 3:36 | Crear | Villager (Male) |
| 3:51 | Construir | House |
| 3:59 | Crear | Villager (Male) |
| 4:36 | Crear | Villager (Male) |
| 4:57 | Crear | Villager (Male) |
| 5:32 | Crear | Villager (Male) |
| 5:32 | Crear | Villager (Male) |
| 5:44 | Construir | Mill |
| 6:00 | Construir | House |
| 6:09 | Crear | Villager (Male) |
| 6:45 | Crear | Villager (Male) |
| 7:04 | Construir | Mining Camp |
| 7:09 | Crear | Villager (Male) |
| 7:39 | Crear | Villager (Male) |
| 7:44 | Construir | Mining Camp |
| 8:01 | Investigar | Feudal Age |
| 8:01 | Investigar | Feudal Age |
| 8:21 | Investigar | Loom |
| 8:21 | Investigar | Loom |
| 8:47 | Construir | House |
| 8:50 | Construir | Palisade Wall |
| 8:56 | Construir | House |
| 9:04 | Construir | Palisade Wall |
| 9:05 | Construir | Palisade Wall |
| 9:28 | Crear | Villager (Male) |
| 10:05 | Construir | House |
| 10:10 | Crear | Villager (Male) |
| 10:14 | Edad | Edad Feudal |
| 10:21 | Investigar | Double-Bit Axe |
| 10:21 | Investigar | Double-Bit Axe |
| 10:33 | Construir | Watch Tower |
| 10:38 | Crear | Villager (Male) |
| 10:41 | Construir | House |
| 11:07 | Construir | Blacksmith |
| 11:31 | Crear | Villager (Male) |
| 11:43 | Construir | Watch Tower |
| 11:55 | Crear | Villager (Male) |
| 12:31 | Investigar | Fletching |
| 12:33 | Crear | Villager (Male) |
| 12:46 | Crear | Villager (Male) |
| 13:20 | Construir | Palisade Wall |
| 13:28 | Crear | Villager (Male) |
| 13:42 | Crear | Villager (Male) |
| 13:43 | Crear | Villager (Male) |
| 13:57 | Crear | Villager (Male) |
| 14:05 | Crear | Villager (Male) |
| 14:24 | Crear | Villager (Male) |
| 14:44 | Construir | Farm |
| 14:44 | Construir | Farm |
| 14:45 | Crear | Villager (Male) |
| 15:17 | Crear | Villager (Male) |
| 15:48 | Crear | Villager (Male) |
| 16:01 | Construir | Farm |
| 16:02 | Construir | Farm |
| 16:04 | Construir | Farm |
| 16:33 | Investigar | Horse Collar |
| 16:34 | Investigar | Horse Collar |
| 16:37 | Crear | Villager (Male) |
| 16:55 | Construir | Farm |
| 17:11 | Construir | Watch Tower |
| 17:14 | Crear | Villager (Male) |
| 17:21 | Construir | Farm |
| 17:22 | Construir | Farm |
| 17:22 | Construir | Farm |
| 17:22 | Construir | Farm |
| 17:22 | Construir | Farm |
| 17:51 | Construir | Watch Tower |
| 18:00 | Crear | Villager (Male) |
| 18:33 | Crear | Villager (Male) |
| 18:51 | Construir | Palisade Gate |
| 19:14 | Crear | Villager (Male) |
| 19:14 | Crear | Villager (Male) |
| 19:31 | Construir | House |
| 19:32 | Construir | House |
| 19:39 | Crear | Villager (Male) |
| 20:03 | Construir | House |
| 20:10 | Construir | Gate |
| 20:11 | Crear | Villager (Male) |
| 20:33 | Crear | Villager (Male) |
| 20:39 | Crear | Villager (Male) |
| 21:13 | Construir | Market |
| 21:24 | Crear | Villager (Male) |
| 21:25 | Construir | Farm |
| 21:27 | Construir | Farm |
| 21:27 | Construir | Farm |
| 21:27 | Construir | Farm |
| 21:27 | Construir | Farm |
| 21:27 | Construir | Farm |
| 21:32 | Construir | Farm |
| 22:02 | Construir | Farm |
| 22:07 | Construir | Farm |
| 22:39 | Investigar | Castle Age |
| 22:40 | Investigar | Castle Age |
| 22:44 | Construir | House |
| 22:45 | Construir | House |
| 23:56 | Construir | Farm |
| 24:55 | Crear | Villager (Male) |
| 24:56 | Crear | Villager (Male) |
| 25:19 | Edad | Edad de los Castillos |
| 25:19 | Crear | Villager (Male) |
| 25:33 | Construir | Castle |
| 25:39 | Construir | Castle |
| 25:46 | Construir | Siege Workshop |
| 26:14 | Construir | Stone Wall |
| 26:17 | Construir | Stone Wall |
| 26:29 | Crear | Mangonel |
| 26:53 | Investigar | Imperial Age |
| 26:54 | Investigar | Imperial Age |
| 27:02 | Crear | Petard |
| 27:06 | Crear | Mangonel |
| 27:44 | Crear | Janissary |
| 27:55 | Investigar | Bow Saw |
| 27:55 | Investigar | Bow Saw |
| 28:05 | Investigar | Gold Mining |
| 28:05 | Investigar | Gold Mining |
| 28:05 | Investigar | Gold Mining |
| 28:12 | Crear | Janissary |
| 28:37 | Crear | Janissary |
| 28:37 | Crear | Villager (Male) |
| 28:58 | Crear | Janissary |
| 28:59 | Crear | Janissary |
| 28:59 | Crear | Janissary |
| 29:17 | Construir | Barracks |
| 29:28 | Crear | Janissary |
| 29:51 | Crear | Villager (Male) |
| 29:52 | Crear | Villager (Male) |
| 29:55 | Construir | House |
| 29:56 | Construir | House |
| 30:02 | Construir | Farm |
| 30:03 | Construir | Farm |
| 30:03 | Edad | Edad Imperial |
| 30:05 | Investigar | Heavy Plow |
| 30:05 | Investigar | Heavy Plow |
| 30:16 | Crear | Bombard Cannon |
| 30:22 | Construir | Farm |
Build order — [Ne0] Fidel Castro
Primeras 150 de 272 acciones detectadas
| 0:01 | Crear | Villager (Male) |
| 0:01 | Crear | Villager (Male) |
| 0:02 | Construir | House |
| 0:04 | Construir | House |
| 0:14 | Crear | Villager (Male) |
| 0:14 | Crear | Villager (Male) |
| 1:38 | Crear | Villager (Male) |
| 1:38 | Crear | Villager (Male) |
| 1:38 | Crear | Villager (Male) |
| 1:59 | Construir | Lumber Camp |
| 2:00 | Crear | Villager (Male) |
| 2:01 | Crear | Villager (Male) |
| 2:21 | Crear | Villager (Male) |
| 2:22 | Crear | Villager (Male) |
| 2:22 | Crear | Villager (Male) |
| 2:39 | Investigar | Loom |
| 2:45 | Crear | Villager (Male) |
| 2:45 | Crear | Villager (Male) |
| 3:10 | Crear | Villager (Male) |
| 3:10 | Crear | Villager (Male) |
| 3:42 | Crear | Villager (Male) |
| 3:43 | Crear | Villager (Male) |
| 3:54 | Construir | House |
| 4:05 | Crear | Villager (Male) |
| 4:06 | Crear | Villager (Male) |
| 4:06 | Crear | Villager (Male) |
| 4:09 | Construir | House |
| 4:25 | Crear | Villager (Male) |
| 4:26 | Crear | Villager (Male) |
| 4:31 | Crear | Villager (Male) |
| 4:32 | Crear | Villager (Male) |
| 5:02 | Construir | Mining Camp |
| 5:24 | Crear | Villager (Male) |
| 5:30 | Crear | Villager (Male) |
| 6:16 | Investigar | Feudal Age |
| 6:16 | Investigar | Feudal Age |
| 6:16 | Investigar | Feudal Age |
| 7:39 | Construir | Barracks |
| 8:26 | Edad | Edad Feudal |
| 8:29 | Crear | Villager (Male) |
| 8:32 | Construir | Archery Range |
| 8:41 | Investigar | Double-Bit Axe |
| 8:53 | Crear | Villager (Male) |
| 9:03 | Construir | House |
| 9:15 | Crear | Archer |
| 9:15 | Crear | Archer |
| 9:20 | Crear | Villager (Male) |
| 9:39 | Crear | Villager (Male) |
| 9:45 | Construir | Archery Range |
| 9:52 | Crear | Villager (Male) |
| 9:52 | Crear | Villager (Male) |
| 9:53 | Crear | Archer |
| 9:53 | Crear | Archer |
| 9:56 | Crear | Villager (Male) |
| 10:04 | Construir | House |
| 10:29 | Crear | Archer |
| 10:29 | Crear | Archer |
| 10:34 | Crear | Villager (Male) |
| 10:34 | Crear | Villager (Male) |
| 10:42 | Crear | Archer |
| 10:42 | Crear | Archer |
| 10:55 | Construir | Blacksmith |
| 11:04 | Crear | Villager (Male) |
| 11:05 | Crear | Archer |
| 11:05 | Crear | Archer |
| 11:14 | Construir | House |
| 11:19 | Crear | Archer |
| 11:19 | Crear | Archer |
| 11:27 | Crear | Villager (Male) |
| 11:27 | Crear | Villager (Male) |
| 11:28 | Crear | Villager (Male) |
| 11:39 | Construir | Mill |
| 12:02 | Investigar | Loom |
| 12:16 | Crear | Archer |
| 12:16 | Crear | Archer |
| 12:23 | Construir | House |
| 12:26 | Construir | Farm |
| 12:35 | Crear | Villager (Male) |
| 12:36 | Crear | Villager (Male) |
| 12:43 | Crear | Archer |
| 12:43 | Crear | Archer |
| 12:51 | Crear | Archer |
| 12:51 | Crear | Archer |
| 12:53 | Crear | Villager (Male) |
| 12:53 | Crear | Villager (Male) |
| 12:53 | Crear | Villager (Male) |
| 12:55 | Construir | House |
| 12:58 | Construir | Farm |
| 13:01 | Construir | Farm |
| 13:13 | Investigar | Fletching |
| 13:49 | Crear | Archer |
| 13:49 | Crear | Archer |
| 13:49 | Crear | Archer |
| 14:14 | Crear | Archer |
| 14:15 | Crear | Archer |
| 14:18 | Investigar | Padded Archer Armor |
| 14:19 | Crear | Villager (Male) |
| 14:20 | Crear | Villager (Male) |
| 14:21 | Construir | House |
| 14:23 | Construir | Farm |
| 14:29 | Construir | Market |
| 14:33 | Crear | Archer |
| 14:33 | Crear | Archer |
| 14:33 | Crear | Archer |
| 14:53 | Crear | Archer |
| 14:53 | Crear | Archer |
| 14:59 | Construir | Farm |
| 15:03 | Construir | Farm |
| 15:03 | Crear | Villager (Male) |
| 15:03 | Crear | Villager (Male) |
| 15:46 | Crear | Archer |
| 15:46 | Crear | Archer |
| 15:51 | Crear | Villager (Male) |
| 15:51 | Crear | Villager (Male) |
| 15:52 | Crear | Archer |
| 15:52 | Crear | Archer |
| 16:08 | Construir | Farm |
| 16:09 | Construir | Farm |
| 16:13 | Crear | Archer |
| 16:13 | Crear | Archer |
| 16:14 | Crear | Villager (Male) |
| 16:15 | Crear | Villager (Male) |
| 16:22 | Construir | Mining Camp |
| 16:22 | Crear | Villager (Male) |
| 16:23 | Crear | Villager (Male) |
| 16:30 | Crear | Archer |
| 16:30 | Crear | Archer |
| 16:39 | Crear | Archer |
| 16:39 | Crear | Archer |
| 16:45 | Crear | Villager (Male) |
| 16:54 | Construir | House |
| 17:44 | Construir | Farm |
| 17:46 | Construir | Farm |
| 18:05 | Construir | Farm |
| 18:19 | Crear | Archer |
| 18:19 | Crear | Archer |
| 18:27 | Crear | Villager (Male) |
| 19:00 | Construir | Farm |
| 19:01 | Crear | Villager (Male) |
| 19:12 | Crear | Archer |
| 19:12 | Crear | Archer |
| 19:21 | Investigar | Castle Age |
| 19:22 | Investigar | Castle Age |
| 19:22 | Investigar | Castle Age |
| 19:38 | Investigar | Horse Collar |
| 20:26 | Investigar | Stone Mining |
| 21:28 | Crear | Villager (Male) |
| 21:35 | Construir | Farm |
| 22:00 | Construir | Farm |
| 22:01 | Construir | Farm |
Build order — Stratioti
Primeras 150 de 217 acciones detectadas
| 0:01 | Crear | Villager (Male) |
| 0:01 | Crear | Villager (Male) |
| 0:02 | Construir | House |
| 0:03 | Construir | House |
| 0:10 | Crear | Villager (Male) |
| 0:21 | Crear | Villager (Male) |
| 0:22 | Crear | Villager (Male) |
| 1:28 | Crear | Villager (Male) |
| 1:29 | Crear | Villager (Male) |
| 1:50 | Crear | Villager (Male) |
| 1:57 | Construir | Lumber Camp |
| 2:09 | Crear | Villager (Male) |
| 2:09 | Crear | Villager (Male) |
| 2:25 | Crear | Villager (Male) |
| 2:25 | Crear | Villager (Male) |
| 2:40 | Crear | Villager (Male) |
| 2:40 | Crear | Villager (Male) |
| 3:22 | Crear | Villager (Male) |
| 3:22 | Crear | Villager (Male) |
| 3:39 | Construir | House |
| 3:40 | Construir | House |
| 3:46 | Crear | Villager (Male) |
| 3:47 | Crear | Villager (Male) |
| 3:47 | Crear | Villager (Male) |
| 4:13 | Crear | Villager (Male) |
| 4:13 | Crear | Villager (Male) |
| 4:35 | Crear | Villager (Male) |
| 5:30 | Construir | Mill |
| 5:34 | Crear | Villager (Male) |
| 6:21 | Investigar | Feudal Age |
| 6:21 | Investigar | Feudal Age |
| 6:54 | Construir | Lumber Camp |
| 7:18 | Construir | House |
| 7:24 | Construir | House |
| 7:26 | Crear | Villager (Male) |
| 7:39 | Edad | Edad Feudal |
| 7:45 | Investigar | Double-Bit Axe |
| 7:55 | Crear | Villager (Male) |
| 7:56 | Crear | Villager (Male) |
| 8:08 | Crear | Villager (Male) |
| 8:08 | Crear | Villager (Male) |
| 8:17 | Construir | Farm |
| 8:38 | Crear | Villager (Male) |
| 8:43 | Construir | Farm |
| 8:57 | Crear | Villager (Male) |
| 9:06 | Construir | House |
| 9:07 | Crear | Villager (Male) |
| 9:14 | Investigar | Horse Collar |
| 9:15 | Investigar | Horse Collar |
| 9:23 | Crear | Villager (Male) |
| 9:30 | Construir | Farm |
| 9:31 | Construir | Farm |
| 9:34 | Construir | Farm |
| 9:34 | Construir | Farm |
| 9:38 | Crear | Villager (Male) |
| 9:43 | Construir | House |
| 9:43 | Construir | House |
| 9:55 | Construir | House |
| 10:21 | Crear | Villager (Male) |
| 10:24 | Construir | Farm |
| 10:36 | Crear | Villager (Male) |
| 10:41 | Construir | Farm |
| 10:47 | Crear | Villager (Male) |
| 11:15 | Construir | House |
| 11:24 | Construir | Mining Camp |
| 11:25 | Crear | Villager (Male) |
| 11:48 | Construir | Blacksmith |
| 11:50 | Construir | House |
| 11:53 | Crear | Villager (Male) |
| 12:15 | Investigar | Loom |
| 12:15 | Investigar | Loom |
| 12:30 | Construir | Barracks |
| 12:37 | Crear | Villager (Male) |
| 12:50 | Crear | Villager (Male) |
| 12:55 | Construir | Stone Wall |
| 12:56 | Construir | Stone Wall |
| 13:03 | Crear | Villager (Male) |
| 13:23 | Crear | Spearman |
| 13:23 | Crear | Spearman |
| 13:25 | Crear | Spearman |
| 13:26 | Crear | Villager (Male) |
| 13:31 | Construir | Farm |
| 13:32 | Construir | Farm |
| 13:34 | Investigar | Fletching |
| 13:34 | Investigar | Fletching |
| 13:51 | Construir | Watch Tower |
| 14:04 | Construir | Farm |
| 14:05 | Construir | Farm |
| 14:10 | Crear | Villager (Male) |
| 14:16 | Crear | Villager (Male) |
| 14:16 | Crear | Villager (Male) |
| 14:24 | Crear | Villager (Male) |
| 14:31 | Construir | House |
| 14:32 | Construir | House |
| 14:44 | Investigar | Forging |
| 14:48 | Crear | Villager (Male) |
| 16:14 | Construir | House |
| 16:17 | Construir | House |
| 16:27 | Construir | House |
| 16:37 | Construir | Palisade Wall |
| 17:46 | Construir | Mining Camp |
| 17:54 | Construir | Stone Wall |
| 18:04 | Construir | Stone Wall |
| 18:59 | Construir | Town Center |
| 19:25 | Construir | Stone Wall |
| 19:39 | Crear | Villager (Male) |
| 19:39 | Crear | Villager (Male) |
| 19:40 | Crear | Villager (Male) |
| 19:42 | Construir | Farm |
| 19:43 | Construir | Farm |
| 19:47 | Construir | Farm |
| 19:51 | Construir | Farm |
| 20:02 | Crear | Villager (Male) |
| 20:11 | Construir | Lumber Camp |
| 20:13 | Crear | Villager (Male) |
| 20:13 | Crear | Villager (Male) |
| 20:20 | Crear | Villager (Male) |
| 20:21 | Crear | Villager (Male) |
| 20:45 | Crear | Villager (Male) |
| 20:50 | Investigar | Town Watch |
| 21:05 | Crear | Villager (Male) |
| 21:10 | Construir | Palisade Wall |
| 21:23 | Construir | House |
| 21:23 | Construir | House |
| 21:26 | Investigar | Wheelbarrow |
| 21:27 | Investigar | Wheelbarrow |
| 21:41 | Crear | Villager (Male) |
| 22:01 | Construir | Stone Wall |
| 22:08 | Construir | House |
| 22:12 | Construir | House |
| 22:17 | Construir | Stone Wall |
| 22:18 | Construir | Stone Wall |
| 22:21 | Crear | Villager (Male) |
| 22:32 | Crear | Villager (Male) |
| 22:57 | Construir | House |
| 22:57 | Construir | House |
| 22:58 | Construir | House |
| 22:59 | Crear | Villager (Male) |
| 23:16 | Construir | Farm |
| 23:17 | Crear | Villager (Male) |
| 23:31 | Construir | House |
| 23:33 | Crear | Villager (Male) |
| 23:39 | Construir | House |
| 23:40 | Construir | House |
| 23:40 | Construir | House |
| 23:42 | Crear | Villager (Male) |
| 23:55 | Construir | Farm |
| 23:56 | Construir | Farm |
| 23:59 | Construir | Farm |
| 24:00 | Crear | Villager (Male) |
Build order — [Ne0] Carlos Menem
Primeras 150 de 189 acciones detectadas
| 0:01 | Crear | Villager (Male) |
| 0:01 | Crear | Villager (Male) |
| 0:01 | Crear | Villager (Male) |
| 0:02 | Construir | House |
| 0:03 | Construir | House |
| 0:24 | Crear | Villager (Male) |
| 1:32 | Crear | Villager (Male) |
| 1:32 | Crear | Villager (Male) |
| 1:47 | Construir | Lumber Camp |
| 1:52 | Crear | Villager (Male) |
| 2:29 | Crear | Villager (Male) |
| 2:29 | Crear | Villager (Male) |
| 2:51 | Crear | Villager (Male) |
| 2:51 | Crear | Villager (Male) |
| 3:05 | Crear | Villager (Male) |
| 3:52 | Crear | Villager (Male) |
| 4:08 | Construir | House |
| 4:10 | Crear | Villager (Male) |
| 4:10 | Crear | Villager (Male) |
| 4:11 | Crear | Villager (Male) |
| 4:40 | Construir | Mining Camp |
| 4:47 | Crear | Villager (Male) |
| 5:19 | Crear | Villager (Male) |
| 5:35 | Investigar | Loom |
| 6:20 | Investigar | Feudal Age |
| 7:25 | Construir | Palisade Wall |
| 7:53 | Construir | Palisade Wall |
| 7:58 | Crear | Villager (Male) |
| 8:11 | Construir | House |
| 8:32 | Crear | Villager (Male) |
| 8:32 | Edad | Edad Feudal |
| 8:36 | Construir | Watch Tower |
| 8:43 | Crear | Villager (Male) |
| 8:59 | Crear | Villager (Male) |
| 9:08 | Construir | House |
| 9:09 | Construir | House |
| 9:37 | Crear | Villager (Male) |
| 10:10 | Crear | Villager (Male) |
| 10:24 | Construir | Mill |
| 10:57 | Construir | Watch Tower |
| 11:00 | Crear | Villager (Male) |
| 11:24 | Construir | Blacksmith |
| 11:39 | Construir | Watch Tower |
| 11:40 | Crear | Villager (Male) |
| 11:51 | Crear | Villager (Male) |
| 12:12 | Crear | Villager (Male) |
| 12:17 | Investigar | Fletching |
| 12:36 | Crear | Villager (Male) |
| 13:36 | Crear | Villager (Male) |
| 13:36 | Crear | Villager (Male) |
| 14:03 | Crear | Villager (Male) |
| 14:03 | Crear | Villager (Male) |
| 14:12 | Crear | Villager (Male) |
| 14:30 | Crear | Villager (Male) |
| 14:31 | Crear | Villager (Male) |
| 14:40 | Construir | Watch Tower |
| 14:52 | Crear | Villager (Male) |
| 14:53 | Crear | Villager (Male) |
| 14:55 | Construir | Farm |
| 15:09 | Construir | Watch Tower |
| 15:14 | Crear | Villager (Male) |
| 15:15 | Crear | Villager (Male) |
| 15:18 | Construir | Farm |
| 15:20 | Construir | Farm |
| 15:22 | Construir | Farm |
| 15:36 | Crear | Villager (Male) |
| 15:44 | Construir | Farm |
| 15:46 | Construir | Farm |
| 15:49 | Crear | Villager (Male) |
| 15:54 | Construir | Farm |
| 16:00 | Crear | Villager (Male) |
| 16:02 | Construir | Farm |
| 16:06 | Construir | Farm |
| 16:08 | Construir | Farm |
| 16:20 | Construir | Mining Camp |
| 16:33 | Crear | Villager (Male) |
| 16:59 | Construir | Farm |
| 17:01 | Construir | Farm |
| 17:31 | Construir | Watch Tower |
| 17:40 | Crear | Villager (Male) |
| 17:43 | Construir | Farm |
| 17:50 | Investigar | Town Watch |
| 17:55 | Construir | House |
| 17:56 | Construir | House |
| 17:57 | Construir | House |
| 18:10 | Construir | Watch Tower |
| 18:18 | Crear | Villager (Male) |
| 18:18 | Crear | Villager (Male) |
| 18:25 | Construir | House |
| 18:41 | Construir | House |
| 19:12 | Construir | House |
| 19:16 | Construir | Palisade Wall |
| 19:18 | Construir | House |
| 19:21 | Construir | House |
| 19:25 | Construir | Palisade Wall |
| 19:30 | Construir | House |
| 19:40 | Construir | Palisade Wall |
| 19:50 | Crear | Villager (Male) |
| 19:51 | Crear | Villager (Male) |
| 20:03 | Crear | Villager (Male) |
| 20:38 | Construir | Market |
| 20:41 | Construir | House |
| 20:50 | Crear | Villager (Male) |
| 21:00 | Investigar | Double-Bit Axe |
| 21:14 | Investigar | Castle Age |
| 21:14 | Investigar | Castle Age |
| 21:19 | Construir | House |
| 21:19 | Construir | House |
| 21:35 | Construir | Outpost |
| 21:37 | Construir | Outpost |
| 21:38 | Construir | Outpost |
| 21:43 | Investigar | Horse Collar |
| 22:12 | Investigar | Gold Mining |
| 22:53 | Construir | Barracks |
| 23:18 | Construir | Outpost |
| 23:25 | Crear | Villager (Male) |
| 23:31 | Investigar | Scale Mail Armor |
| 23:53 | Construir | Outpost |
| 23:55 | Edad | Edad de los Castillos |
| 23:57 | Construir | Siege Workshop |
| 24:00 | Investigar | Pikeman (upgrade) |
| 24:01 | Investigar | Gambesons |
| 24:03 | Crear | Villager (Male) |
| 24:26 | Construir | Outpost |
| 24:27 | Construir | Outpost |
| 24:30 | Crear | Villager (Male) |
| 24:35 | Crear | Spearman |
| 24:41 | Construir | Barracks |
| 24:47 | Crear | Mangonel |
| 24:49 | Crear | Battering Ram |
| 24:54 | Crear | Villager (Male) |
| 25:17 | Crear | Spearman |
| 25:20 | Investigar | Chain Mail Armor |
| 25:35 | Crear | Spearman |
| 25:41 | Crear | Spearman |
| 25:42 | Crear | Spearman |
| 25:52 | Crear | Spearman |
| 25:56 | Crear | Mangonel |
| 25:56 | Crear | Mangonel |
| 26:13 | Crear | Villager (Male) |
| 26:18 | Crear | Villager (Male) |
| 26:38 | Crear | Spearman |
| 26:40 | Crear | Villager (Male) |
| 26:49 | Crear | Battering Ram |
| 27:08 | Crear | Scorpion |
| 27:16 | Construir | Monastery |
| 27:17 | Crear | Villager (Male) |
| 27:17 | Crear | Villager (Male) |
| 27:21 | Construir | Castle |
| 27:23 | Construir | Mining Camp |
Build order — Nicholai
Primeras 150 de 300 acciones detectadas
| 0:01 | Crear | Villager (Male) ×4 |
| 0:02 | Crear | Villager (Male) ×4 |
| 0:02 | Construir | House |
| 0:03 | Construir | House |
| 0:54 | Construir | Mill |
| 1:35 | Crear | Villager (Male) |
| 1:35 | Crear | Villager (Male) |
| 2:01 | Crear | Villager (Male) |
| 2:25 | Crear | Villager (Male) |
| 2:26 | Crear | Villager (Male) |
| 2:52 | Crear | Villager (Male) |
| 3:06 | Crear | Villager (Male) |
| 3:09 | Construir | Lumber Camp |
| 3:32 | Crear | Villager (Male) |
| 3:32 | Crear | Villager (Male) |
| 4:02 | Crear | Villager (Male) |
| 4:02 | Crear | Villager (Male) |
| 4:09 | Construir | House |
| 4:16 | Crear | Villager (Male) |
| 4:53 | Crear | Villager (Male) |
| 4:53 | Crear | Villager (Male) |
| 5:22 | Crear | Villager (Male) |
| 5:23 | Crear | Villager (Male) |
| 6:06 | Construir | House |
| 6:09 | Crear | Villager (Male) |
| 6:12 | Crear | Villager (Male) |
| 6:13 | Crear | Villager (Male) |
| 6:28 | Crear | Villager (Male) |
| 8:02 | Crear | Villager (Male) |
| 8:09 | Construir | House |
| 8:19 | Investigar | Feudal Age |
| 8:33 | Construir | Barracks |
| 9:12 | Construir | Farm |
| 9:14 | Construir | Farm |
| 9:16 | Construir | Lumber Camp |
| 10:08 | Construir | Mining Camp |
| 10:16 | Crear | Villager (Male) |
| 10:37 | Edad | Edad Feudal |
| 10:39 | Construir | Stable |
| 10:41 | Crear | Villager (Male) |
| 11:05 | Investigar | Double-Bit Axe |
| 11:06 | Crear | Villager (Male) |
| 11:15 | Construir | Market |
| 12:19 | Investigar | Castle Age |
| 12:19 | Investigar | Castle Age |
| 12:29 | Construir | Farm |
| 12:30 | Construir | Farm |
| 12:32 | Construir | Farm |
| 12:38 | Construir | House |
| 13:12 | Crear | Camel Scout |
| 13:12 | Crear | Camel Scout |
| 13:16 | Construir | Farm |
| 13:16 | Construir | Farm |
| 13:17 | Construir | Farm |
| 13:34 | Construir | Blacksmith |
| 13:38 | Construir | Farm |
| 13:51 | Crear | Camel Scout |
| 13:51 | Crear | Camel Scout |
| 13:52 | Crear | Villager (Male) |
| 14:00 | Construir | House |
| 14:23 | Crear | Villager (Male) |
| 14:27 | Investigar | Scale Barding Armor |
| 14:27 | Investigar | Scale Barding Armor |
| 14:59 | Edad | Edad de los Castillos |
| 15:04 | Crear | Camel Scout |
| 15:04 | Crear | Camel Scout |
| 15:28 | Crear | Villager (Male) |
| 15:31 | Construir | Farm |
| 15:35 | Crear | Shrivamsha Rider |
| 15:35 | Crear | Shrivamsha Rider |
| 15:36 | Crear | Shrivamsha Rider |
| 15:40 | Crear | Villager (Male) |
| 15:42 | Construir | Town Center |
| 16:00 | Crear | Shrivamsha Rider |
| 16:03 | Construir | Farm |
| 16:04 | Construir | Farm |
| 16:23 | Crear | Villager (Male) |
| 16:25 | Crear | Shrivamsha Rider |
| 16:34 | Construir | Town Center |
| 16:52 | Crear | Scout Cavalry |
| 16:52 | Crear | Scout Cavalry |
| 17:25 | Crear | Villager (Male) |
| 17:27 | Construir | Farm |
| 17:28 | Construir | Farm |
| 17:41 | Crear | Villager (Male) |
| 17:42 | Crear | Shrivamsha Rider |
| 17:43 | Crear | Villager (Male) |
| 18:03 | Construir | Farm |
| 18:04 | Crear | Villager (Male) |
| 18:07 | Crear | Shrivamsha Rider |
| 18:07 | Crear | Shrivamsha Rider |
| 18:17 | Crear | Villager (Male) |
| 18:40 | Construir | Farm |
| 18:41 | Crear | Villager (Male) |
| 18:41 | Crear | Villager (Male) |
| 18:53 | Crear | Villager (Male) |
| 18:55 | Construir | Farm |
| 18:56 | Construir | Farm |
| 18:57 | Crear | Villager (Male) |
| 19:08 | Investigar | Bloodlines |
| 19:19 | Crear | Villager (Male) |
| 19:21 | Construir | Farm |
| 19:35 | Crear | Shrivamsha Rider |
| 19:35 | Crear | Shrivamsha Rider |
| 19:42 | Construir | Farm |
| 19:43 | Construir | Farm |
| 19:55 | Crear | Shrivamsha Rider |
| 19:56 | Crear | Shrivamsha Rider |
| 20:08 | Crear | Villager (Male) |
| 20:09 | Construir | Farm |
| 20:10 | Construir | Farm |
| 20:18 | Crear | Shrivamsha Rider |
| 20:19 | Crear | Shrivamsha Rider |
| 20:31 | Crear | Villager (Male) |
| 20:32 | Construir | House |
| 20:47 | Investigar | Wheelbarrow |
| 20:47 | Investigar | Wheelbarrow |
| 20:49 | Construir | Farm |
| 20:53 | Crear | Villager (Male) ×3 |
| 20:54 | Crear | Villager (Male) ×3 |
| 21:04 | Construir | House |
| 21:04 | Construir | House |
| 21:06 | Construir | Farm |
| 21:06 | Construir | Farm |
| 21:06 | Construir | Farm |
| 21:14 | Crear | Villager (Male) |
| 21:16 | Construir | Farm |
| 21:17 | Construir | Farm |
| 21:17 | Construir | Farm |
| 21:19 | Crear | Shrivamsha Rider |
| 21:19 | Crear | Shrivamsha Rider |
| 21:25 | Crear | Villager (Male) |
| 21:30 | Construir | House |
| 21:30 | Construir | House |
| 21:30 | Construir | House |
| 21:30 | Construir | House |
| 21:31 | Construir | House |
| 21:31 | Construir | House |
| 21:32 | Crear | Villager (Male) |
| 21:42 | Crear | Villager (Male) |
| 21:43 | Construir | Farm |
| 21:44 | Construir | Farm |
| 21:55 | Crear | Villager (Male) |
| 21:55 | Crear | Villager (Male) |
| 22:03 | Investigar | Loom |
| 22:04 | Investigar | Town Watch |
| 22:12 | Construir | Farm |
| 22:38 | Crear | Villager (Male) |
| 22:39 | Crear | Villager (Male) ×5 |
| 22:39 | Construir | Farm |
Build order — [Ne0] Nicolas del Caño
Primeras 150 de 323 acciones detectadas
| 0:00 | Crear | Villager (Male) |
| 0:00 | Crear | Villager (Male) |
| 0:00 | Crear | Villager (Male) |
| 0:02 | Construir | House |
| 0:03 | Construir | House |
| 0:10 | Crear | Villager (Male) |
| 0:10 | Crear | Villager (Male) |
| 1:26 | Crear | Villager (Male) |
| 1:26 | Crear | Villager (Male) |
| 1:52 | Construir | Lumber Camp |
| 2:01 | Crear | Villager (Male) |
| 2:01 | Crear | Villager (Male) |
| 2:01 | Crear | Villager (Male) |
| 2:28 | Crear | Villager (Male) |
| 2:28 | Crear | Villager (Male) |
| 2:28 | Crear | Villager (Male) |
| 2:36 | Construir | House |
| 3:21 | Crear | Villager (Male) |
| 3:31 | Crear | Villager (Male) |
| 3:32 | Crear | Villager (Male) |
| 3:58 | Crear | Villager (Male) |
| 3:58 | Crear | Villager (Male) |
| 4:11 | Crear | Villager (Male) |
| 4:11 | Crear | Villager (Male) |
| 4:39 | Construir | Mining Camp |
| 4:50 | Crear | Villager (Male) |
| 5:20 | Crear | Villager (Male) |
| 5:20 | Investigar | Loom |
| 5:38 | Construir | House |
| 5:39 | Construir | House |
| 6:37 | Investigar | Feudal Age |
| 6:37 | Investigar | Feudal Age |
| 6:37 | Investigar | Feudal Age |
| 7:17 | Crear | Villager (Male) |
| 8:38 | Construir | House |
| 8:41 | Crear | Villager (Male) |
| 8:49 | Crear | Villager (Male) |
| 8:49 | Crear | Villager (Male) |
| 8:51 | Edad | Edad Feudal |
| 8:53 | Construir | Blacksmith |
| 8:58 | Crear | Villager (Male) |
| 9:15 | Investigar | Double-Bit Axe |
| 9:15 | Investigar | Double-Bit Axe |
| 9:17 | Crear | Villager (Male) |
| 9:17 | Crear | Villager (Male) |
| 9:21 | Crear | Villager (Male) |
| 9:39 | Construir | Siege Workshop |
| 9:47 | Crear | Villager (Male) |
| 10:00 | Construir | House |
| 10:01 | Construir | House |
| 10:01 | Construir | House |
| 10:24 | Crear | Villager (Male) |
| 10:25 | Crear | Battering Ram |
| 10:25 | Crear | Battering Ram |
| 10:25 | Crear | Battering Ram |
| 10:31 | Crear | Battering Ram |
| 10:31 | Crear | Battering Ram |
| 10:31 | Crear | Battering Ram |
| 10:47 | Construir | Mill |
| 10:49 | Crear | Villager (Male) |
| 10:49 | Crear | Villager (Male) |
| 10:49 | Crear | Villager (Male) |
| 10:56 | Crear | Battering Ram |
| 10:56 | Crear | Battering Ram |
| 10:58 | Crear | Villager (Male) |
| 10:58 | Crear | Villager (Male) |
| 11:12 | Construir | House |
| 11:46 | Crear | Battering Ram |
| 11:46 | Crear | Battering Ram |
| 11:52 | Crear | Villager (Male) |
| 11:53 | Crear | Villager (Male) |
| 11:53 | Crear | Villager (Male) |
| 12:11 | Construir | House |
| 12:19 | Construir | Farm |
| 12:27 | Crear | Villager (Male) |
| 12:27 | Crear | Villager (Male) |
| 12:37 | Crear | Battering Ram |
| 12:37 | Crear | Battering Ram |
| 12:52 | Construir | House |
| 12:57 | Crear | Villager (Male) |
| 13:13 | Construir | Farm |
| 13:15 | Construir | Farm |
| 13:42 | Crear | Battering Ram |
| 13:42 | Crear | Battering Ram |
| 13:43 | Crear | Villager (Male) |
| 13:47 | Crear | Villager (Male) |
| 13:47 | Crear | Villager (Male) |
| 13:47 | Crear | Villager (Male) |
| 14:00 | Construir | House |
| 14:02 | Crear | Villager (Male) |
| 14:02 | Crear | Villager (Male) |
| 14:05 | Construir | Farm |
| 14:21 | Construir | House |
| 14:31 | Crear | Battering Ram |
| 14:32 | Crear | Battering Ram |
| 14:33 | Crear | Villager (Male) |
| 14:33 | Crear | Villager (Male) |
| 14:36 | Crear | Villager (Male) |
| 14:51 | Construir | House |
| 14:57 | Crear | Villager (Male) |
| 14:57 | Crear | Villager (Male) |
| 15:11 | Crear | Battering Ram |
| 15:11 | Crear | Battering Ram |
| 15:12 | Crear | Villager (Male) |
| 15:15 | Crear | Villager (Male) |
| 15:39 | Crear | Villager (Male) |
| 15:39 | Crear | Villager (Male) |
| 15:41 | Crear | Battering Ram |
| 15:50 | Construir | Farm |
| 15:50 | Construir | Farm |
| 15:50 | Construir | Farm |
| 15:50 | Construir | Farm |
| 15:51 | Construir | Farm |
| 15:51 | Construir | Farm |
| 15:51 | Construir | Farm |
| 15:51 | Crear | Villager (Male) |
| 15:52 | Crear | Villager (Male) |
| 16:09 | Construir | Farm |
| 16:15 | Investigar | Horse Collar |
| 16:15 | Investigar | Horse Collar |
| 16:15 | Investigar | Horse Collar |
| 16:30 | Construir | Farm |
| 17:39 | Crear | Villager (Male) |
| 17:39 | Crear | Villager (Male) |
| 17:42 | Construir | Market |
| 17:44 | Construir | Farm |
| 17:45 | Construir | Farm |
| 17:46 | Crear | Villager (Male) |
| 17:48 | Crear | Villager (Male) |
| 17:48 | Crear | Villager (Male) |
| 18:12 | Construir | Lumber Camp |
| 18:15 | Crear | Villager (Male) |
| 18:23 | Construir | Farm |
| 18:37 | Construir | Farm |
| 18:57 | Construir | Farm |
| 19:18 | Construir | Farm |
| 19:28 | Investigar | Castle Age |
| 19:29 | Investigar | Castle Age |
| 19:29 | Investigar | Castle Age |
| 19:30 | Construir | Farm |
| 20:07 | Construir | Barracks |
| 20:10 | Construir | Farm |
| 20:15 | Construir | Farm |
| 20:20 | Construir | Farm |
| 20:22 | Investigar | Scale Barding Armor |
| 20:22 | Investigar | Forging |
| 20:30 | Construir | Farm |
| 20:45 | Investigar | Gold Mining |
| 20:46 | Investigar | Gold Mining |
| 21:04 | Construir | Stable |
Cronología de la partida
| 7:25 | [Ne0] Carlos Menem · wall_segment Palisade Wall x1 |
| 7:39 | [Ne0] Fidel Castro · first_building Barracks |
| 7:39 | Stratioti · age_up feudal |
| 7:53 | [Ne0] Carlos Menem · wall_segment Palisade Wall x1 |
| 8:26 | [Ne0] Fidel Castro · age_up feudal |
| 8:32 | [Ne0] Fidel Castro · first_building Archery Range |
| 8:32 | [Ne0] Carlos Menem · age_up feudal |
| 8:33 | Nicholai · first_building Barracks |
| 8:50 | Juunku · wall_segment Palisade Wall x6 |
| 8:51 | [Ne0] Nicolas del Caño · age_up feudal |
| 9:04 | Juunku · wall_segment Palisade Wall x6 |
| 9:05 | Juunku · wall_segment Palisade Wall x1 |
| 9:39 | [Ne0] Nicolas del Caño · first_building Siege Workshop |
| 10:14 | Juunku · age_up feudal |
| 10:37 | Nicholai · age_up feudal |
| 10:39 | Nicholai · first_building Stable |
| 12:30 | Stratioti · first_building Barracks |
| 12:55 | Stratioti · wall_segment Stone Wall x2 |
| 12:56 | Stratioti · wall_segment Stone Wall x3 |
| 13:20 | Juunku · wall_segment Palisade Wall x1 |
| 14:59 | Nicholai · age_up castle |
| 16:30 | Nicholai · first_market_buy 100 wood |
| 16:37 | Stratioti · wall_segment Palisade Wall x1 |
| 17:54 | Stratioti · wall_segment Stone Wall x4 |
| 18:04 | Stratioti · wall_segment Stone Wall x3 |
| 18:22 | [Ne0] Fidel Castro · first_market_sell 100 wood |
| 18:24 | [Ne0] Fidel Castro · first_market_buy 100 food |
| 18:59 | [Ne0] Nicolas del Caño · first_market_buy 100 food |
| 19:16 | [Ne0] Carlos Menem · wall_segment Palisade Wall x1 |
| 19:25 | Stratioti · wall_segment Stone Wall x1 |
| 19:25 | [Ne0] Carlos Menem · wall_segment Palisade Wall x1 |
| 19:40 | [Ne0] Carlos Menem · wall_segment Palisade Wall x2 |
| 20:07 | [Ne0] Nicolas del Caño · first_building Barracks |
| 21:04 | [Ne0] Nicolas del Caño · first_building Stable |
| 21:10 | Stratioti · wall_segment Palisade Wall x1 |
| 22:01 | Stratioti · wall_segment Stone Wall x1 |
| 22:06 | [Ne0] Fidel Castro · age_up castle |
| 22:08 | [Ne0] Nicolas del Caño · age_up castle |
| 22:12 | Juunku · first_market_sell 500 wood |
| 22:14 | Juunku · first_market_buy 100 food |
| 22:17 | Stratioti · wall_segment Stone Wall x3 |
| 22:18 | Stratioti · wall_segment Stone Wall x2 |
| 22:53 | [Ne0] Carlos Menem · first_building Barracks |
| 23:40 | [Ne0] Fidel Castro · first_building Castle |
| 23:55 | [Ne0] Carlos Menem · age_up castle |
| 23:57 | [Ne0] Carlos Menem · first_building Siege Workshop |
| 24:39 | [Ne0] Carlos Menem · first_market_buy 100 wood |
| 24:56 | Nicholai · first_building Monastery |
| 25:19 | Juunku · age_up castle |
| 25:33 | Juunku · first_building Castle |
| 25:46 | Juunku · first_building Siege Workshop |
| 25:57 | [Ne0] Fidel Castro · first_building Monastery |
| 26:02 | Stratioti · wall_segment Stone Wall x1 |
| 26:14 | Juunku · wall_segment Stone Wall x1 |
| 26:14 | Stratioti · wall_segment Stone Wall x1 |
| 26:15 | Stratioti · wall_segment Stone Wall x1 |
| 26:17 | Juunku · wall_segment Stone Wall x1 |
| 26:49 | Nicholai · first_market_sell 100 wood |
| 26:55 | Stratioti · wall_segment Stone Wall x1 |
| 26:56 | Stratioti · wall_segment Stone Wall x1 |
| 26:56 | Stratioti · wall_segment Stone Wall x1 |
| 26:57 | Stratioti · wall_segment Stone Wall x1 |
| 27:16 | [Ne0] Carlos Menem · first_building Monastery |
| 27:21 | [Ne0] Carlos Menem · first_building Castle |
| 27:24 | Stratioti · first_market_buy 100 food |
| 28:12 | Stratioti · first_building Archery Range |
| 29:04 | Stratioti · age_up castle |
| 29:17 | Juunku · first_building Barracks |
| 29:26 | Stratioti · first_market_sell 100 stone |
| 29:33 | Stratioti · wall_segment Palisade Wall x1 |
| 29:35 | Stratioti · wall_segment Palisade Wall x1 |
| 29:42 | Stratioti · wall_segment Palisade Wall x1 |
| 30:03 | [Ne0] Carlos Menem · first_building Archery Range |
| 30:03 | Juunku · age_up imperial |
| 30:05 | Stratioti · wall_segment Palisade Wall x1 |
| 30:07 | Stratioti · wall_segment Palisade Wall x1 |
| 32:07 | [Ne0] Carlos Menem · first_market_sell 100 wood |
| 32:08 | Stratioti · resign |
[ ANÁLISIS IA · 1 CRÉDITO ]
¿Qué pasó realmente en esta partida?
Wolo.gg analiza cada decisión: build order, eco, micro, errores típicos por bracket. Análisis personalizado por WhatsApp o Discord en 30 segundos.
Guía civ
Turcos
Perfil
Jugador #11479485